 Dungeon Crawl Stone Soup version 0.28-a0-1241-gf280a0fbb2 (webtiles) character file.

Game seed: 18355500457428635426

1664 Gargoyl the Skirmisher (level 9, -12/72 HPs)
             Began as a Gnoll Abyssal Knight on Dec 26, 2021.
             Was an Elder of Lugonu.
             Killed from afar by Maggie (42 damage)
             ... with a bolt of fire
             ... on level 6 of the Dungeon.
             The game lasted 00:08:30 (7302 turns).

Gargoyl the Skirmisher (Gnoll Abyssal Knight)       Turns: 7302, Time: 00:08:31

Health: -12/72     AC: 17    Str: 14    XL:     9   Next: 1%
Magic:  14/14      EV:  5    Int: 10    God:    Lugonu [****..]
Gold:   394        SH:  0    Dex: 13    Spells: 15/15 levels left

rFire   . . .      SeeInvis .   o - +2 hand axe (drain)
rCold   . . .      Faith    .   (no shield)
rNeg    . . .      Spirit   .   h - +0 plate armour
rPois   +          Reflect  .   i - +1 helmet
rElec   .          Harm     .   g - +0 cloak
rCorr   +          Rampage  .   (no gloves)
Will    .....                   k - +0 pair of boots
Stlth   ..........              (no amulet)
HPRegen 0.22/turn               c - ring of poison resistance
MPRegen 0.14/turn               d - ring of resist corrosion

@: no status effects
A: fangs 1, strong nose, distributed training, weak 1
a: Renounce Religion, Depart the Abyss, Bend Space, Banish, Corrupt


You were on level 6 of the Dungeon.
You worshipped Lugonu.
Lugonu was greatly pleased with you.
You visited 1 branch of the dungeon, and saw 6 of its levels.
You visited the Abyss 1 time.

You collected 394 gold pieces.

Inventory:

Hand Weapons
 a - a +2 hand axe of protection
 o - a +2 hand axe of draining (weapon)
Missiles
 b - 4 poisoned darts (quivered)
Armour
 g - a +0 cloak (worn)
 h - a +0 plate armour (worn)
 i - a +1 helmet (worn)
 k - a +0 pair of boots (worn)
Jewellery
 c - a ring of poison resistance (left hand)
 d - a ring of resist corrosion (right hand)
 f - a ring of flight
Wands
 m - a wand of flame (27)
 q - a wand of iceblast (8)
Scrolls
 l - a scroll of identify
 p - a scroll of immolation {unknown}
Potions
 e - 4 potions of curing
 j - a potion of ambrosia
 n - a potion of brilliance


   Skills:
 + Level 7.6 Fighting
 + Level 3.7 Short Blades
 + Level 3.7 Long Blades
 + Level 6.0 Axes
 + Level 3.7 Maces & Flails
 + Level 3.7 Polearms
 + Level 3.7 Staves
 + Level 3.7 Slings
 + Level 3.7 Bows
 + Level 3.7 Crossbows
 + Level 3.7 Throwing
 + Level 6.0 Armour
 + Level 4.6 Dodging
 + Level 3.7 Stealth
 + Level 3.7 Shields
 + Level 3.7 Unarmed Combat
 + Level 3.7 Spellcasting
 + Level 3.1 Conjurations
 + Level 3.1 Hexes
 + Level 3.1 Summonings
 + Level 3.1 Necromancy
 + Level 3.1 Translocations
 + Level 3.1 Transmutations
 + Level 3.1 Fire Magic
 + Level 3.1 Ice Magic
 + Level 3.1 Air Magic
 + Level 3.1 Earth Magic
 + Level 3.1 Poison Magic
 + Level 6.2 Invocations
 + Level 3.7 Evocations


You had 15 spell levels left.
You didn't know any spells.
Your spell library contained the following spells:

 Spells                   Type           Power      Damage    Failure   Level
 Inner Flame              Hex/Fire       8%         N/A       100%        3
 Portal Projectile        Hex/Tloc       16%        N/A       100%        3
 Cause Fear               Hex            4%         N/A       100%        4
 Blade Hands              Tmut           4%         N/A       100%        5
 Excruciating Wounds      Necr           4%         N/A       100%        5
 Discord                  Hex            4%         N/A       100%        8


Dungeon Overview and Level Annotations

Branches:
Dungeon (6/15)             Temple (0/1) D:5

Altars:
Dithmenos
Fedhas
Yredelemnul

Annotations:
D:6 Maggie


Innate Abilities, Weirdness & Mutations

You have very sharp teeth.
Your uncanny sense of smell can sniff out nearby items.
Your experience applies equally to all skills.
You are weak. (Str -2)


Message History

Unknown command.
You closely miss the white imp.
The white imp is almost dead.
The white imp gestures at you. The puff of frost hits you.
You hit the white imp.
You kill the white imp!
Lugonu accepts your kill.
Unknown command.
You see here a bullfrog corpse.
Unknown command.
You see here a +2 hand axe of draining.
Unknown command.
o - a +2 hand axe of draining Your +2 hand axe of protection goes still.
You sense an unholy aura.
o - a +2 hand axe of draining (weapon)
You now have 386 gold pieces (gained 18).
p - a scroll labelled DOUKYO XUUXOIR You now have 394 gold pieces (gained 8).
A shadow imp comes into view.
The shadow imp shouts!
You hear a shout!
A shadow imp is nearby!
Found 6 gold pieces.
Maggie the Vainglorious comes into view.
She is wielding a +2 vorpal scimitar.
Maggie gestures wildly while chanting.
Maggie attempts to bespell you! You resist with some effort.
Maggie drinks a potion.
Maggie's spells are empowered!
Maggie gestures at you while chanting. The bolt of fire hits you!!
The shadow imp hits you but does no damage.
Maggie gestures at you while chanting. The bolt of fire hits you!!
The bolt of fire hits the shadow imp!!
The shadow imp dies!
You hit Maggie but do no damage. You drain Maggie.
Maggie is lightly wounded.
Maggie points at you and mumbles some strange words.
The bolt of fire hits you!!!
Ouch! That really hurt!
You die...

.............# #.#
......######.####.#
..................#
.......#####..###.###
.......# ####........
.......# #......#.####
.......# #.#........$#
.......# #.#.#..#.##.#
.......# ......@@....#
#########..###..#.####
#...........
#.####.#..### # #.....
####.## #.. ∆ ..


You could see Maggie (empowered, drained).

Vanquished Creatures
  The ghost of kelmiir the Firebug, an amateur GnFE (D:3)
  2 sky beasts
  A black bear (D:5)
  2 necrophages
  A centaur (D:6)
  A bullfrog (D:6)
  2 scorpions (D:5)
  2 water moccasin skeletons
  A centaur zombie (D:6)
  2 orc priests
  2 jellies (D:5)
  2 hounds (D:4)
  Crazy Yiuf (D:3)
  A centaur skeleton (D:3)
  A gnoll shaman (D:3)
  A bullfrog skeleton (D:3)
  Terence (D:3)
  An iguana (D:5)
  A scorpion zombie (D:5)
  A hound zombie (D:5)
  A hound skeleton (D:5)
  11 gnolls
  2 howler monkey skeletons (D:6)
  4 adders
  A white imp (D:6)
  An ufetubus (D:5)
  An adder skeleton (D:4)
  A worm (D:2)
  A dart slug (D:3)
  15 orcs
  14 ball pythons
  10 bats
  8 endoplasms
  5 giant cockroaches
  10 goblins
  4 hobgoblins
  6 jackals
  4 quokkas
  2 frilled lizards
  10 kobolds
  7 rats
145 creatures vanquished.

Vanquished Creatures (others)
  A shadow imp (D:6)
  4 fungi
5 creatures vanquished.

Grand Total: 150 creatures vanquished

Notes
Turn   | Place    | Note
-------+----------+-------------------------------------------
     0 | Abyss:1  | Gargoyl the Gnoll Abyssal Knight began the quest for the
                  | Orb.
     0 | Abyss:1  | Reached XP level 1. HP: 23/23 MP: 3/3
    56 | Abyss:1  | Gained mutation: You are weak. (Str -2) [mutagenic glow]
    81 | Abyss:1  | Gained mutation: You are frail. (-10% HP) [mutagenic glow]
    82 | D:1      | Escaped the Abyss
   107 | D:1      | Lost mutation: You are frail. (-10% HP) [mutagenic glow]
   427 | D:1      | Reached * piety under Lugonu
   439 | D:1      | Reached XP level 2. HP: 19/29 MP: 5/5
   687 | D:1      | Reached XP level 3. HP: 19/35 MP: 6/6
  1160 | D:1      | Found a faded altar of an unknown god.
  1459 | D:1      | Reached skill level 1 in Short Blades
  1459 | D:1      | Reached skill level 1 in Long Blades
  1459 | D:1      | Reached skill level 1 in Maces & Flails
  1459 | D:1      | Reached skill level 1 in Polearms
  1459 | D:1      | Reached skill level 1 in Staves
  1459 | D:1      | Reached skill level 1 in Slings
  1459 | D:1      | Reached skill level 1 in Bows
  1459 | D:1      | Reached skill level 1 in Crossbows
  1459 | D:1      | Reached skill level 1 in Throwing
  1459 | D:1      | Reached skill level 1 in Stealth
  1459 | D:1      | Reached skill level 1 in Shields
  1459 | D:1      | Reached skill level 1 in Unarmed Combat
  1459 | D:1      | Reached skill level 1 in Spellcasting
  1459 | D:1      | Reached skill level 1 in Evocations
  1639 | D:1      | Reached XP level 4. HP: 25/41 MP: 7/7
  1768 | D:1      | Reached ** piety under Lugonu
  2130 | D:2      | Reached skill level 1 in Conjurations
  2130 | D:2      | Reached skill level 1 in Hexes
  2130 | D:2      | Reached skill level 1 in Summonings
  2130 | D:2      | Reached skill level 1 in Necromancy
  2130 | D:2      | Reached skill level 1 in Translocations
  2130 | D:2      | Reached skill level 1 in Transmutations
  2130 | D:2      | Reached skill level 1 in Fire Magic
  2130 | D:2      | Reached skill level 1 in Ice Magic
  2130 | D:2      | Reached skill level 1 in Air Magic
  2130 | D:2      | Reached skill level 1 in Earth Magic
  2130 | D:2      | Reached skill level 1 in Poison Magic
  2376 | D:2      | Reached XP level 5. HP: 38/47 MP: 8/8
  3041 | D:3      | Noticed Terence
  3055 | D:3      | Killed Terence
  3342 | D:3      | Found a transporter.
  3343 | D:3      | Noticed kelmiir's ghost (amateur GnFE)
  3351 | D:3      | Found a transporter.
  3413 | D:3      | Reached skill level 5 in Invocations
  3413 | D:3      | Reached XP level 6. HP: 35/53 MP: 9/9
  3630 | D:3      | Reached *** piety under Lugonu
  3809 | D:4      | Reached skill level 5 in Axes
  3809 | D:4      | Reached skill level 5 in Armour
  3934 | D:4      | Found a basalt altar of Yredelemnul.
  4195 | D:4      | Noticed a necrophage
  4521 | D:3      | Reached XP level 7. HP: 41/59 MP: 10/10
  4727 | D:4      | Reached skill level 7 in Fighting
  4992 | D:3      | Killed kelmiir's ghost
  5177 | D:3      | Found a runed translucent door.
  5178 | D:3      | Noticed Crazy Yiuf
  5320 | D:3      | Killed Crazy Yiuf
  5478 | D:5      | Entered Level 5 of the Dungeon
  5615 | D:5      | Found a staircase to the Ecumenical Temple.
  5651 | D:5      | Found a shadowy altar of Dithmenos.
  5729 | D:5      | Reached XP level 8. HP: 58/67 MP: 12/12
  6644 | D:5      | Reached **** piety under Lugonu
  6787 | D:5      | Found a blossoming altar of Fedhas.
  7169 | D:6      | Reached XP level 9. HP: 53/72 MP: 14/14
  7295 | D:6      | Noticed Maggie
  7302 | D:6      | Killed from afar by Maggie

Illustrated notes

Levels and vault maps discovered:
D:1:      lemuel_arrival_lava_pool, layout_rooms,
          shapermc_ecumenical_altar_ellora, minmay_ruptured
D:2:      layout_basic, minmay_misc_feat_room, minmay_tetromino_l4
D:3:      layout_rooms, gammafunk_ghost_mausoleum, kennysheep_boxes,
          uniq_terence, uniq_crazy_yiuf_cottage
D:4:      layout_basic, lemuel_crystal_altar
D:5:      layout_loops_cross, fedhas_altar_2, amcnicky_altar_gilded,
          minmay_temple_entry_large_hall, chequers_serial_rivers_small_3
D:6:      layout_basic, nicolae_qazlal_style_of_elements, grunt_tough_drop,
          uniq_maggie

Skill      XL: |  1  2  3  4  5  6  7  8 |
---------------+-------------------------+-----
Short Blades   | 1 2 3 |  3.7
Long Blades    | 1 2 3 |  3.7
Maces & Flails | 1 2 3 |  3.7
Polearms       | 1 2 3 |  3.7
Staves         | 1 2 3 |  3.7
Slings         | 1 2 3 |  3.7
Bows           | 1 2 3 |  3.7
Crossbows      | 1 2 3 |  3.7
Throwing       | 1 2 3 |  3.7
Stealth        | 1 2 3 |  3.7
Shields        | 1 2 3 |  3.7
Unarmed Combat | 1 2 3 |  3.7
Spellcasting   | 1 2 3 |  3.7
Evocations     | 1 2 3 |  3.7
Conjurations   | 1 2 3 |  3.1
Hexes          | 1 2 3 |  3.1
Summonings     | 1 2 3 |  3.1
Necromancy     | 1 2 3 |  3.1
Translocations | 1 2 3 |  3.1
Transmutations | 1 2 3 |  3.1
Fire Magic     | 1 2 3 |  3.1
Ice Magic      | 1 2 3 |  3.1
Air Magic      | 1 2 3 |  3.1
Earth Magic    | 1 2 3 |  3.1
Poison Magic   | 1 2 3 |  3.1
Dodging        | 3 4 |  4.6
Invocations    | 5 6 |  6.2
Axes           | 5 6 |  6.0
Armour         | 5 6 |  6.0
Fighting       | 7 |  7.6

Action                   |  1- 3 |  4- 6 |  7- 9 || total
-------------------------+-------+-------+-------++-------
Melee: Hand axe          |   110 |   229 |   296 ||   635
       Bite              |    12 |    20 |    35 ||    67
       Punch             |       |     2 |     3 ||     5
Invok: Depart the Abyss  |     1 |       |       ||     1
       Bend Space        |       |     1 |       ||     1
  Use: Scroll            |     2 |     7 |     3 ||    12
       Potion            |       |     1 |     2 ||     3
 Stab: Sleeping          |       |     1 |       ||     1
Armor: Leather armour    |    46 |    31 |       ||    77
       Ring mail         |       |    83 |       ||    83
       Scale mail        |       |     9 |       ||     9
       Plate armour      |       |    40 |   308 ||   348
Dodge: Dodged            |   105 |   161 |    83 ||   349

Table legend: (Time is in decaauts)
 A = Elapsed time spent in this place.
 B = Non-inter-level travel time spent in this place.
 C = Inter-level travel time spent in this place.
 D = Time resting spent in this place.
 E = Time spent auto-exploring this place.
 F = Levels seen in this place.
 G = Mean time per level.
                   A        B        C        D        E       F      G
               +--------+--------+--------+--------+--------+-----+--------+
         Total |   7340 |   7157 |    183 |   1084 |   4446 |   7 | 1048.6 |
       Dungeon |   7258 |   7075 |    183 |   1060 |   4411 |   6 | 1209.7 |
         Abyss |     82 |     82 |      0 |     24 |     35 |   1 |   82.0 |
               +--------+--------+--------+--------+--------+-----+--------+

Top non-repeatable levels by time:
     D:1: 1724 daAuts
     D:3: 1545 daAuts
     D:5: 1428 daAuts
     D:4: 1109 daAuts
     D:2: 1076 daAuts
     D:6: 373 daAuts
 Abyss:1: 82 daAuts
